 Dungeon Crawl Stone Soup version 0.31-a0-174-g85c54bcb58 (webtiles) character file.

Game seed: 2791439798959493055

883 qw the Shooter (level 8, -2/73 HPs)
             Began as a Naga Hunter on June 15, 2023.
             Slain by Blork the orc
             ... wielding a +0 heavy battleaxe
              (27 damage)
             ... on level 5 of the Dungeon.
             The game lasted 00:01:17 (3535 turns).

qw the Shooter (Naga Hunter)                        Turns: 3535, Time: 00:01:18

Health: -2/73      AC:  5    Str: 15    XL:     8   Next: 5%
Magic:  8/8        EV: 10    Int:  9    God:
Gold:   251        SH:  0    Dex: 16    Spells: 7/7 levels left

rFire   . . .        Y - +1 shortbow
rCold   . . .        (shield currently unavailable)
rNeg    . . .        c - +0 leather armour
rPois   +            (no helmet)
rElec   .            d - +0 cloak
rCorr   .            (no gloves)
SInv    +            (no barding)
Will    +....        b - amulet of faith
Stlth   ++           (no ring)
HPRegen 0.32/turn    (no ring)
MPRegen 0.11/turn

%: faith
@: short of breath, very slow
A: AC +2, large, see invisible, deformed body, poison resistance, slowness 2,
spit poison 1, naga tail 1
a: Spit Poison


You were on level 5 of the Dungeon.
You visited 1 branch of the dungeon, and saw 5 of its levels.

You collected 284 gold pieces.
You spent 33 gold pieces at shops.


Innate Abilities, Weirdness & Mutations

Your serpentine skin is tough. (AC +2)
You have supernaturally acute eyesight. (SInv)
Armour fits poorly on your strangely shaped body.
Your system is resistant to poisons. (rPois)
You cover ground very slowly.
You can spit poison.
You have a snake-like lower body.


   Skills:
 - Level 4.3 Fighting
 + Level 7.9 Ranged Weapons
 - Level 2.2 Dodging
 - Level 1.5 Stealth


You had 7 spell levels left.
You didn't know any spells.
Your spell library was empty.

Inventory:

Hand Weapons
 Y - a +1 shortbow (weapon)
Armour
 c - a +0 leather armour (worn)
 d - a +0 cloak (worn)
Jewellery
 b - an amulet of faith (around neck)
Scrolls
 a - a scroll of identify
Potions
 e - 3 potions of haste
 f - a potion of mutation {unknown}
 g - a potion of enlightenment {unknown}
 h - a potion of curing
 i - a potion of heal wounds
 j - a potion of degeneration {unknown}
 k - a potion of ambrosia {unknown}
 m - a potion of lignification {unknown}

Dungeon Overview and Level Annotations

Branches:
Dungeon (5/15)
 Temple: D:4-7

Altars:
Kikubaaqudgha

Shops:
D:1 !   D:2 :

Annotations:
D:5 Blork the orc


Message History

Blork the orc hits you with a +0 heavy battleaxe!
You shoot an arrow. The arrow barely misses Blork the orc.
The gnoll closely misses you.
You shoot an arrow.
The arrow hits Blork the orc but does no damage.
Blork the orc is moderately wounded.
Blork the orc hits you with a +0 heavy battleaxe.
The gnoll closely misses you.
You shoot an arrow.
The arrow completely misses Blork the orc.
You have got your breath back.
The gnoll misses you.
Blork the orc gestures at you while chanting.
The puff of frost hits you!
3529 ||| INVOKING Spit Poison.
Aiming: Spit Poison (1% risk of failure)
Press: ? - help, Shift-Dir - straight line, f/p - Blork the orc The splash of poison misses Blork the orc.
The gnoll hits you from afar with a +0 spear.
Blork the orc closely misses you.
You shoot an arrow. The arrow barely misses Blork the orc.
The gnoll hits you from afar with a +0 spear.
You shoot an arrow. The arrow closely misses Blork the orc.
Blork the orc points at you and mumbles some strange words.
The puff of flame hits you! The gnoll barely misses you.
You shoot an arrow. The arrow barely misses Blork the orc.
You have got your breath back.
Blork the orc misses you. The gnoll hits you but does no damage.
3533 ||| INVOKING Spit Poison.
Aiming: Spit Poison (1% risk of failure)
Press: ? - help, Shift-Dir - straight line, f/p - Blork the orc The splash of poison misses Blork the orc.
The gnoll hits you from afar with a +0 spear.
Blork the orc barely misses you.
You shoot an arrow. The arrow hits Blork the orc!
Blork the orc is heavily wounded.
The gnoll hits you from afar with a +0 spear.
You shoot an arrow. The arrow closely misses Blork the orc.
Blork the orc hits you with a +0 heavy battleaxe!!
You die...

#...##.# #......
#.#.##.###...... og
..[............. ..
###.###.##...... .# #.#
#.##...... .. #.#
#.##...### #. ##.#
#......## ##.####..#
##......#
#..#@...####.......#
#.go...............#
#...........###......#
.......................#
.#####.......####......#
...................#
.##.........##......# .
.........#..##.#..##
#####.#####.......#


You could see Blork the orc and a gnoll.

Vanquished Creatures
  Sigmund (D:3)
  Edmund (D:4)
  2 ogres (D:4)
  2 scorpions
  A howler monkey (D:4)
  An orc priest (D:4)
  A hound (D:4)
  3 orc wizards
  3 gnolls (D:4)
  5 adders (D:2)
  2 worms
  3 dart slugs
  9 orcs
  5 bats
  10 endoplasms
  3 giant cockroaches
  10 goblins
  3 hobgoblins
  5 quokkas
  A frilled lizard (D:3)
  6 kobolds
  5 rats
82 creatures vanquished.

Notes
Turn   | Place    | Note
-------+----------+-------------------------------------------
     0 | D:1      | qw the Naga Hunter began the quest for the Orb.
     0 | D:1      | Reached XP level 1. HP: 19/19 MP: 1/1
     0 | D:1      | 0 ||| qw: Version: 0.2-a-29-g511e9b1
     0 | D:1      | 0 ||| qw: Game counter: 5519
     0 | D:1      | 0 ||| qw: Always use a shield: true
     0 | D:1      | 0 ||| qw: God list: Okawaru
     0 | D:1      | 0 ||| qw: Allow faded altars: false
     0 | D:1      | 0 ||| qw: Do Orc after D:15 true
     0 | D:1      | 0 ||| qw: Do second Lair branch before Depths: true
     0 | D:1      | 0 ||| qw: Lair rune preference: random
     0 | D:1      | 0 ||| qw: Plans: Normal
     0 | D:1      | 0 ||| PLANNING D:1-11
    52 | D:1      | 52 ||| INVOKING Spit Poison.
    74 | D:1      | 74 ||| INVOKING Spit Poison.
    75 | D:1      | Reached skill level 4 in Ranged Weapons
    75 | D:1      | Reached XP level 2. HP: 26/26 MP: 2/2
   124 | D:1      | 124 ||| INVOKING Spit Poison.
   129 | D:1      | Found a faded altar of an unknown god.
   145 | D:1      | 145 ||| INVOKING Spit Poison.
   248 | D:1      | 248 ||| INVOKING Spit Poison.
   249 | D:1      | 249 ||| INVOKING Spit Poison.
   272 | D:1      | 272 ||| INVOKING Spit Poison.
   289 | D:1      | Found Teray's Distillery.
   300 | D:1      | 300 ||| BUYING potion of curing (33 gold).
   300 | D:1      | Bought a potion of curing for 33 gold pieces
   300 | D:1      | 300 ||| SHOPLISTING potion of might (44 gold, have 11).
   436 | D:1      | 436 ||| INVOKING Spit Poison.
   508 | D:1      | 508 ||| UPGRADING to +0 cloak.
   513 | D:1      | 513 ||| READING scroll labelled SUSSUOTHOUGH.
   514 | D:1      | 514 ||| DROPPING scroll of butterflies.
   533 | D:2      | 533 ||| INVOKING Spit Poison.
   544 | D:2      | 544 ||| INVOKING Spit Poison.
   568 | D:2      | 568 ||| INVOKING Spit Poison.
   585 | D:2      | 585 ||| INVOKING Spit Poison.
   589 | D:2      | 589 ||| INVOKING Spit Poison.
   590 | D:2      | 590 ||| INVOKING Spit Poison.
   591 | D:2      | Reached XP level 3. HP: 28/32 MP: 3/3
   594 | D:2      | 594 ||| INVOKING Spit Poison.
   641 | D:2      | 641 ||| INVOKING Spit Poison.
   645 | D:2      | 645 ||| INVOKING Spit Poison.
   646 | D:2      | Found Guun's Vocational Training.
   652 | D:2      | 652 ||| INVOKING Spit Poison.
   653 | D:2      | 653 ||| INVOKING Spit Poison.
   659 | D:2      | 659 ||| INVOKING Spit Poison.
   736 | D:2      | 736 ||| INVOKING Spit Poison.
   742 | D:2      | 742 ||| INVOKING Spit Poison.
   788 | D:2      | 788 ||| INVOKING Spit Poison.
   792 | D:2      | Reached skill level 5 in Ranged Weapons
   792 | D:2      | Reached XP level 4. HP: 39/39 MP: 4/4
   804 | D:2      | 804 ||| INVOKING Spit Poison.
   825 | D:2      | 825 ||| INVOKING Spit Poison.
   829 | D:2      | 829 ||| INVOKING Spit Poison.
   836 | D:2      | 836 ||| INVOKING Spit Poison.
   840 | D:2      | 840 ||| INVOKING Spit Poison.
   845 | D:2      | HP: 10/40 [poisoned by an adder]
   850 | D:2      | HP: 6/40 [poisoned by an adder]
  1050 | D:2      | 1050 ||| INVOKING Spit Poison.
  1100 | D:2      | 1100 ||| INVOKING Spit Poison.
  1212 | D:2      | 1212 ||| UPGRADING to amulet of guardian spirit.
  1217 | D:2      | 1217 ||| READING 2 scrolls labelled GILENK OXKO.
  1218 | D:2      | 1218 ||| READING scroll labelled JOAGOO NOSARO.
  1219 | D:2      | 1219 ||| READING scroll labelled HOSAUKHL QOGA.
  1220 | D:2      | 1220 ||| READING scroll labelled POT IS ILO.
  1239 | D:3      | 1239 ||| INVOKING Spit Poison.
  1250 | D:3      | 1250 ||| INVOKING Spit Poison.
  1258 | D:3      | 1258 ||| INVOKING Spit Poison.
  1319 | D:3      | 1319 ||| INVOKING Spit Poison.
  1331 | D:3      | 1331 ||| INVOKING Spit Poison.
  1347 | D:3      | 1347 ||| INVOKING Spit Poison.
  1373 | D:3      | 1373 ||| INVOKING Spit Poison.
  1374 | D:3      | Reached skill level 3 in Fighting
  1377 | D:3      | 1377 ||| INVOKING Spit Poison.
  1382 | D:3      | 1382 ||| INVOKING Spit Poison.
  1384 | D:3      | Reached XP level 5. HP: 46/49 MP: 5/5
  1385 | D:3      | 1385 ||| INVOKING Spit Poison.
  1476 | D:3      | Found an ancient bone altar of Kikubaaqudgha.
  1518 | D:3      | 1518 ||| INVOKING Spit Poison.
  1564 | D:3      | 1564 ||| INVOKING Spit Poison.
  1644 | D:3      | Noticed Sigmund
  1645 | D:3      | 1645 ||| INVOKING Spit Poison.
  1646 | D:3      | 1646 ||| DRINKING 2 potions of curing.
  1646 | D:3      | 1646 ||| (to cure confusion)
  1652 | D:3      | 1652 ||| INVOKING Spit Poison.
  1655 | D:3      | Killed Sigmund
  1656 | D:3      | Reached skill level 6 in Ranged Weapons
  1656 | D:3      | Reached XP level 6. HP: 30/56 MP: 4/6
  1919 | D:3      | 1919 ||| INVOKING Spit Poison.
  2037 | D:3      | 2037 ||| DRINKING 4 sedimented brown potions.
  2038 | D:3      | 2038 ||| READING 2 scrolls of identify.
  2038 | D:3      | 2038 ||| IDENTIFYING bubbling ruby potion
  2039 | D:3      | 2039 ||| DROPPING potion of brilliance.
  2141 | D:4      | 2141 ||| INVOKING Spit Poison.
  2145 | D:4      | 2145 ||| INVOKING Spit Poison.
  2209 | D:4      | 2209 ||| INVOKING Spit Poison.
  2212 | D:4      | 2212 ||| INVOKING Spit Poison.
  2278 | D:4      | Noticed Edmund
  2279 | D:4      | 2279 ||| INVOKING Spit Poison.
  2286 | D:4      | 2286 ||| INVOKING Spit Poison.
  2291 | D:4      | HP: 14/56 [Edmund/+1 dire flail of protection (8)]
  2292 | D:4      | 2292 ||| READING scroll of teleportation.
  2293 | D:4      | 2293 ||| INVOKING Spit Poison.
  2293 | D:4      | Killed Edmund
  2502 | D:4      | 2502 ||| INVOKING Spit Poison.
  2507 | D:4      | 2507 ||| INVOKING Spit Poison.
  2509 | D:4      | Reached XP level 7. HP: 59/66 MP: 5/7
  2535 | D:4      | 2535 ||| Stepping ~*~*~tactically~*~*~ (outnumbered).
  2537 | D:4      | 2537 ||| INVOKING Spit Poison.
  2540 | D:4      | 2540 ||| INVOKING Spit Poison.
  2543 | D:4      | 2543 ||| INVOKING Spit Poison.
  2745 | D:4      | 2745 ||| INVOKING Spit Poison.
  2872 | D:4      | 2872 ||| INVOKING Spit Poison.
  2874 | D:4      | Reached skill level 7 in Ranged Weapons
  2876 | D:4      | 2876 ||| INVOKING Spit Poison.
  2882 | D:4      | 2882 ||| INVOKING Spit Poison.
  2892 | D:4      | 2892 ||| INVOKING Spit Poison.
  3019 | D:4      | 3019 ||| INVOKING Spit Poison.
  3134 | D:4      | 3134 ||| INVOKING Spit Poison.
  3137 | D:4      | 3137 ||| INVOKING Spit Poison.
  3255 | D:4      | 3255 ||| INVOKING Spit Poison.
  3256 | D:4      | 3256 ||| Stepping ~*~*~tactically~*~*~ (outnumbered).
  3261 | D:4      | 3261 ||| INVOKING Spit Poison.
  3265 | D:4      | 3265 ||| INVOKING Spit Poison.
  3271 | D:4      | 3271 ||| INVOKING Spit Poison.
  3359 | D:4      | 3359 ||| INVOKING Spit Poison.
  3398 | D:4      | 3398 ||| UPGRADING to amulet of faith.
  3408 | D:4      | 3408 ||| DROPPING amulet of guardian spirit.
  3409 | D:4      | 3409 ||| READING scroll labelled FAAPOFEWNU.
  3410 | D:4      | 3410 ||| DRINKING 2 puce potions.
  3467 | D:5      | Entered Level 5 of the Dungeon
  3468 | D:5      | 3468 ||| PLANNING OSSUARY
  3493 | D:5      | 3493 ||| INVOKING Spit Poison.
  3497 | D:5      | Reached XP level 8. HP: 73/73 MP: 8/8
  3515 | D:5      | Noticed Blork the orc
  3517 | D:5      | 3517 ||| Stepping ~*~*~tactically~*~*~ (outnumbered).
  3523 | D:5      | 3523 ||| INVOKING Spit Poison.
  3529 | D:5      | 3529 ||| INVOKING Spit Poison.
  3533 | D:5      | 3533 ||| INVOKING Spit Poison.
  3535 | D:5      | Slain by Blork the orc

Levels and vault maps discovered:
D:1:      lemuel_arrival_cross, layout_rooms, basic_ecumenical_altar,
          serial_shops, shop, serial_bayou_pond_e
D:2:      layout_basic, nicolae_shop_vocational
D:3:      layout_basic, nicolae_overflow_crystal_walls, uniq_sigmund
D:4:      layout_gridville, minmay_joined_circles, uniq_edmund
D:5:      layout_rooms, minmay_temple_entry_poolview,
          chequers_ossuary_entry_cave, uniq_blork_the_orc,
          uniq_crazy_yiuf_cottage

Skill      XL: |  1  2  3  4  5  6  7 |
---------------+----------------------+-----
Ranged Weapons | 4 5 6 7 |  7.9
Fighting       | 3 4 |  4.3
Dodging        | 2 |  2.2
Stealth        | |  1.5

Action                     |  1- 3 |  4- 6 |  7- 9 || total
---------------------------+-------+-------+-------++-------
   Fire: Shortbow          |    54 |    84 |    70 ||   208
Ability: Spit Poison       |    20 |    31 |    20 ||    71
    Use: Scroll            |     1 |     6 |     1 ||     8
         Potion            |       |     2 |     1 ||     3
 Armour: Leather armour    |    13 |    12 |     9 ||    34
  Dodge: Dodged            |    18 |    30 |    17 ||    65

Table legend:
 A = Non-vault XP
 B = Vault XP
 C = Vault XP percentage of total XP
 D = Non-vault monster count
 E = Vault monster count
 F = Vault count percentage of total count
                 A         B        C        D         E       F
            +---------+---------+-------+---------+---------+-------
      Total |     700 |     562 |  44.5 |      74 |       8 |   9.8
            +---------+---------+-------+---------+---------+-------
        D:1 |      24 |       0 |   0.0 |      13 |       0 |   0.0
        D:2 |     103 |       0 |   0.0 |      23 |       0 |   0.0
        D:3 |      65 |     214 |  76.7 |      16 |       1 |   5.9
        D:4 |     426 |     348 |  45.0 |      20 |       7 |  25.9
        D:5 |      82 |       0 |   0.0 |       2 |       0 |   0.0
            +---------+---------+-------+---------+---------+-------
